[Event "Mukachevo IM October 2019"]
[Site "Mukachevo"]
[Date "2019.10.02"]
[Round "2.3"]
[White "Petrovskiy, Vadim"]
[Black "Oros, Robert"]
[Result "1-0"]
[ECO "C50"]
[WhiteElo "2197"]
[BlackElo "2284"]
[Annotator "ChessBase"]
[PlyCount "58"]
[EventDate "2019.10.01"]
[EventType "tourn"]
[EventCountry "UKR"]
[SourceTitle "playchess.com"]
[Source "ChessBase"]
[SourceQuality "1"]
[TimeControl "40/5400+30:900+30"]

1. e4 e5 2. Nf3 Nc6 3. Bc4 Be7 4. d4 d6 5. O-O Nf6 6. Nc3 Bg4 7. d5 Nd4 8. Be3 Nxf3+ 9. gxf3 Bh3 10. Re1 Nh5 11. Qd2 g5 12. Ne2 Nf4 13. Ng3 Qc8 14. Bd3 O-O 15. Nf5 Bxf5 16. exf5 f6 17. Be4 Rf7 18. Kh1 Rg7 19. c4 c5 20. dxc6 bxc6 21. b4 a6 22. Rec1 Rb8 23. b5 c5 24. Rab1 axb5 25. cxb5 d5 26. Bxd5+ Nxd5 27. Qxd5+ Kh8 28. Qe4 Bf8 29. a4 Rgb7 1-0

[Event "Mukachevo IM October 2019"]
[Site "Mukachevo"]
[Date "2019.10.02"]
[Round "2.5"]
[White "Boricsev, Oleg"]
[Black "Ganze, Laszlo"]
[Result "1-0"]
[ECO "B20"]
[WhiteElo "2241"]
[BlackElo "1942"]
[Annotator "NA"]
[PlyCount "97"]
[EventDate "2019.10.01"]
[EventType "tourn"]
[EventCountry "UKR"]
[SourceTitle "playchess.com"]
[Source "ChessBase"]
[SourceQuality "1"]
[TimeControl "40/5400+30:900+30"]

1. e4 c5 2. b4 cxb4 3. d4 Nf6 4. e5 Nd5 5. a3 Qc7 6. axb4 Nc3 7. Qd3 Nxb1 8. Rxb1 d5 9. exd6 Qxd6 10. Nf3 g6 11. Qe4 Bg7 12. Bb5+ Nd7 13. Bf4 Qb6 14. c4 O-O 15. Qxe7 Nf6 16. Bc7 Qe6+ 17. Qxe6 Bxe6 18. d5 Bf5 19. Rd1 a6 20. Ba4 Ne4 21. Nd4 Nc3 22. Nxf5 gxf5 23. Bd7 Nxd1 24. Kxd1 Bc3 25. Ba5 b6 26. Bxb6 Bxb4 27. Kc2 Rab8 28. c5 Rxb6 29. cxb6 Rb8 30. Rb1 Rxb6 31. Bxf5 a5 32. Bd7 Rd6 33. Bc6 Rf6 34. f3 Rg6 35. g3 Kf8 36. Kd3 Ke7 37. Kc4 Kd6 38. Rb2 Rh6 39. Re2 Rh5 40. f4 Rh6 41. Be8 Rf6 42. Re5 Rh6 43. Bxf7 Rxh2 44. Re6+ Kd7 45. Be8+ Kd8 46. Ba4 Rg2 47. d6 Kc8 48. Re8+ Kb7 49. d7 1-0

[Event "Mukachevo IM October 2019"]
[Site "Mukachevo"]
[Date "2019.10.02"]
[Round "3.1"]
[White "Ganze, Laszlo"]
[Black "Shkuran, Danylo"]
[Result "0-1"]
[ECO "E91"]
[WhiteElo "1942"]
[BlackElo "2343"]
[Annotator "NA"]
[PlyCount "68"]
[EventDate "2019.10.01"]
[EventType "tourn"]
[EventCountry "UKR"]
[SourceTitle "playchess.com"]
[Source "ChessBase"]
[SourceQuality "1"]
[TimeControl "40/5400+30:900+30"]

1. d4 Nf6 2. Nf3 g6 3. c4 Bg7 4. Nc3 O-O 5. e4 d6 6. Be2 Nbd7 7. O-O e5 8. d5 Nc5 9. Nd2 a5 10. b3 Ne8 11. f3 f5 12. Qc2 Nf6 13. Rf2 f4 14. Ba3 h5 15. Kh1 g5 16. Bxc5 dxc5 17. g3 fxg3 18. hxg3 Ng4 19. Rg2 Ne3 20. Qd3 Nxg2 21. Kxg2 Ra6 22. Rh1 Rh6 23. Nd1 g4 24. Ne3 Qg5 25. fxg4 hxg4 26. Rxh6 Bxh6 27. Ndf1 Qh5 28. Kg1 Rf6 29. Ng2 Bg5 30. Nh4 Bxh4 31. gxh4 Qxh4 32. Qe3 b6 33. Kg2 Qh3+ 34. Kg1 Rxf1+ 0-1

[Event "Mukachevo IM October 2019"]
[Site "Mukachevo"]
[Date "2019.10.02"]
[Round "3.2"]
[White "Tiba, Vladyslav"]
[Black "Boricsev, Oleg"]
[Result "1-0"]
[ECO "B15"]
[WhiteElo "2360"]
[BlackElo "2241"]
[Annotator "NA"]
[PlyCount "109"]
[EventDate "2019.10.01"]
[EventType "tourn"]
[EventCountry "UKR"]
[SourceTitle "playchess.com"]
[Source "ChessBase"]
[SourceQuality "1"]
[TimeControl "40/5400+30:900+30"]

1. e4 c6 2. d4 d5 3. Nc3 dxe4 4. Nxe4 Nf6 5. Nxf6+ exf6 6. c3 g6 7. Bd3 Bg7 8. Ne2 Nd7 9. Be3 f5 10. O-O O-O 11. Nf4 Nf6 12. Bc4 b5 13. Bb3 Bb7 14. Nd3 Nd7 15. Re1 Re8 16. Qf3 Qc8 17. Bg5 Rxe1+ 18. Rxe1 c5 19. Bd5 Bxd5 20. Qxd5 Nb6 21. Qxc5 Qxc5 22. dxc5 Nd5 23. Rd1 h6 24. Bf4 Nxf4 25. Nxf4 Rc8 26. b4 Kf8 27. Nd5 g5 28. g3 g4 29. Rd3 Rd8 30. Rd1 h5 31. Kf1 Be5 32. Ke2 f6 33. Rd3 Re8 34. Kd2 a5 35. Kc2 Kf7 36. Nb6 axb4 37. cxb4 f4 38. Rd7+ Kg6 39. Nd5 f3 40. c6 h4 41. c7 Bxc7 42. Nxc7 Re1 43. Rd1 Re2+ 44. Rd2 Re1 45. Nxb5 Rh1 46. gxh4 Rxh2 47. Kd3 Rxh4 48. Nd4 f5 49. a4 Rh1 50. a5 Ra1 51. Rb2 Kg5 52. b5 Ra3+ 53. Kd2 f4 54. b6 g3 55. b7 1-0

[Event "Mukachevo IM October 2019"]
[Site "Mukachevo"]
[Date "2019.10.02"]
[Round "3.3"]
[White "Oros, Robert"]
[Black "Sernecki, Franciszek"]
[Result "0-1"]
[ECO "A45"]
[WhiteElo "2284"]
[BlackElo "2276"]
[Annotator "NA"]
[PlyCount "84"]
[EventDate "2019.10.01"]
[EventType "tourn"]
[EventCountry "UKR"]
[SourceTitle "playchess.com"]
[Source "ChessBase"]
[SourceQuality "1"]
[TimeControl "40/5400+30:900+30"]

1. d4 Nf6 2. Bg5 e6 3. e3 d6 4. Nf3 h6 5. Bh4 g5 6. Bg3 Nh5 7. c3 Bg7 8. Bd3 Nd7 9. Nfd2 Nxg3 10. hxg3 b6 11. Be4 d5 12. Bd3 Bb7 13. a4 a5 14. Na3 Ba6 15. Bxa6 Rxa6 16. Qf3 Qf6 17. Qe2 Ra8 18. Nb5 Rc8 19. e4 O-O 20. e5 Qg6 21. O-O c5 22. f4 cxd4 23. Nxd4 Nc5 24. Rf3 f6 25. Re1 fxe5 26. fxe5 Rxf3 27. N2xf3 Qd3 28. g4 Qxe2 29. Rxe2 Kf7 30. b3 Ke7 31. b4 Nxa4 32. bxa5 bxa5 33. Ra2 Rc4 34. Ra3 Nxc3 35. Rxa5 Rc7 36. Ra6 Rb7 37. Nxe6 Bh8 38. Ned4 Ne4 39. Nf5+ Kd7 40. Ra8 Rb1+ 41. Kh2 Nf2 42. Rxh8 Rh1+ 0-1

[Event "Mukachevo IM October 2019"]
[Site "Mukachevo"]
[Date "2019.10.02"]
[Round "3.4"]
[White "Kersten, Uwe"]
[Black "Petrovskiy, Vadim"]
[Result "1-0"]
[ECO "A45"]
[WhiteElo "2239"]
[BlackElo "2197"]
[Annotator "NA"]
[PlyCount "47"]
[EventDate "2019.10.01"]
[EventType "tourn"]
[EventCountry "UKR"]
[SourceTitle "playchess.com"]
[Source "ChessBase"]
[SourceQuality "1"]
[TimeControl "40/5400+30:900+30"]

1. d4 Nf6 2. Bf4 g6 3. Nc3 d5 4. e3 Bg7 5. h4 Bf5 6. Bd3 Bxd3 7. Qxd3 c6 8. O-O-O Nbd7 9. Nf3 Ng4 10. Qe2 O-O 11. e4 dxe4 12. Nxe4 Qa5 13. Kb1 e5 14. dxe5 Ngxe5 15. Nd6 Nxf3 16. Qxf3 Nc5 17. Bg5 Na4 18. Bf6 Qb6 19. b3 Bxf6 20. Qxf6 Qb4 21. Rd3 Rae8 22. Nxe8 Rxe8 23. Rhd1 h5 24. Rd8 1-0

[Event "Mukachevo IM October 2019"]
[Site "Mukachevo"]
[Date "2019.10.03"]
[Round "4.1"]
[White "Shkuran, Danylo"]
[Black "Rytenko, Vsevolod"]
[Result "0-1"]
[ECO "A08"]
[WhiteElo "2343"]
[BlackElo "2387"]
[Annotator "ChessBase"]
[PlyCount "88"]
[EventDate "2019.10.01"]
[EventType "tourn"]
[EventCountry "UKR"]
[SourceTitle "playchess.com"]
[Source "ChessBase"]
[SourceQuality "1"]
[TimeControl "40/5400+30:900+30"]

1. Nf3 d5 2. g3 Nf6 3. Bg2 e6 4. O-O Be7 5. d3 O-O 6. Nbd2 c5 7. e4 Nc6 8. Re1 b5 9. a4 b4 10. exd5 exd5 11. Ne5 Nxe5 12. Rxe5 Bd6 13. Re1 Be6 14. Nf3 h6 15. d4 c4 16. Ne5 Qc7 17. f4 Rae8 18. h3 Ne4 19. Bxe4 dxe4 20. Kh2 Qc8 21. Qh5 Kh7 22. Rxe4 g6 23. Qe2 f6 24. Nf3 Bxh3 25. Rxe8 Rxe8 26. Qf2 Bg4 27. Be3 Qf5 28. Nh4 Qh5 29. Kg1 Bd7 30. Re1 Bc6 31. Ng2 Qd5 32. Bd2 Rxe1+ 33. Bxe1 Bxa4 34. c3 b3 35. Ne3 Qe4 36. Ng4 Be7 37. Qe3 Bc6 38. Qxe4 Bxe4 39. Bd2 a5 40. Nf2 Bc2 41. Bc1 a4 42. Kf1 Bb4 43. cxb4 a3 44. bxa3 c3 0-1

[Event "Mukachevo IM October 2019"]
[Site "Mukachevo"]
[Date "2019.10.03"]
[Round "4.2"]
[White "Petrovskiy, Vadim"]
[Black "Vachylia, Andrii"]
[Result "1-0"]
[ECO "B99"]
[WhiteElo "2197"]
[BlackElo "2201"]
[Annotator "NA"]
[PlyCount "61"]
[EventDate "2019.10.01"]
[EventType "tourn"]
[EventCountry "UKR"]
[SourceTitle "playchess.com"]
[Source "ChessBase"]
[SourceQuality "1"]
[TimeControl "40/5400+30:900+30"]

1. e4 c5 2. Nf3 d6 3. d4 cxd4 4. Nxd4 Nf6 5. Nc3 a6 6. Bg5 e6 7. f4 Be7 8. Qf3 Nbd7 9. O-O-O Qc7 10. g4 b5 11. Bxf6 Nxf6 12. g5 Nd7 13. f5 O-O 14. Rg1 b4 15. Nce2 e5 16. f6 exd4 17. fxe7 Re8 18. Nxd4 Ne5 19. Qb3 a5 20. Nb5 Qc5 21. Qg3 Be6 22. Nxd6 Rxe7 23. Bh3 Rc7 24. Rg2 Rd8 25. Rdd2 Rcd7 26. Nf5 Nd3+ 27. Kb1 Nf4 28. Nh6+ Kf8 29. Rxd7 Rxd7 30. Rg1 Nxh3 31. Qb8+ 1-0

[Event "Mukachevo IM October 2019"]
[Site "Mukachevo"]
[Date "2019.10.03"]
[Round "4.3"]
[White "Sernecki, Franciszek"]
[Black "Kersten, Uwe"]
[Result "1-0"]
[ECO "A73"]
[WhiteElo "2276"]
[BlackElo "2239"]
[Annotator "NA"]
[PlyCount "75"]
[EventDate "2019.10.01"]
[EventType "tourn"]
[EventCountry "UKR"]
[SourceTitle "playchess.com"]
[Source "ChessBase"]
[SourceQuality "1"]
[TimeControl "40/5400+30:900+30"]

1. d4 Nf6 2. c4 c5 3. d5 g6 4. Nc3 d6 5. e4 Bg7 6. Nf3 O-O 7. Be2 e6 8. O-O exd5 9. cxd5 Bg4 10. Nd2 Bxe2 11. Qxe2 Re8 12. Qd3 Nbd7 13. Nc4 b5 14. Nxb5 Rxe4 15. Bg5 Qb8 16. Bxf6 Nxf6 17. Nbxd6 Rd4 18. Qf3 Qf8 19. b3 Rd8 20. Nb5 R4xd5 21. Rad1 a6 22. Nc3 Rd4 23. Rfe1 h5 24. h3 Rxd1 25. Rxd1 Rd4 26. Re1 Qd8 27. Qc6 Nd7 28. Na4 Qg5 29. Nab6 Nf6 30. Nc8 Nd5 31. Qe8+ Kh7 32. Qe2 Nf4 33. Qf3 Rd3 34. Re3 Rd1+ 35. Kh2 Bd4 36. Re7 Rd3 37. Rxf7+ Kg8 38. Qxf4 1-0

[Event "Mukachevo IM October 2019"]
[Site "Mukachevo"]
[Date "2019.10.03"]
[Round "4.4"]
[White "Boricsev, Oleg"]
[Black "Oros, Robert"]
[Result "1/2-1/2"]
[ECO "C42"]
[WhiteElo "2241"]
[BlackElo "2284"]
[Annotator "NA"]
[PlyCount "121"]
[EventDate "2019.10.01"]
[EventType "tourn"]
[EventCountry "UKR"]
[SourceTitle "playchess.com"]
[Source "ChessBase"]
[SourceQuality "1"]
[TimeControl "40/5400+30:900+30"]

1. e4 e5 2. Nf3 Nf6 3. Nxe5 d6 4. Nf3 Nxe4 5. Nc3 Nxc3 6. dxc3 Be7 7. Be3 Nc6 8. Qd2 Bg4 9. Be2 Qd7 10. h3 Bf5 11. O-O-O a6 12. Nd4 Nxd4 13. Bxd4 Rg8 14. Rhe1 O-O-O 15. Bf3 Be6 16. Kb1 h6 17. c4 c5 18. Bc3 Bg5 19. Qd3 Bf5 20. Be4 Bxe4 21. Rxe4 f5 22. Re2 Rge8 23. Rde1 Rxe2 24. Qxe2 Qf7 25. Ba5 Rf8 26. Qd3 Qd7 27. a3 Bf6 28. Qd5 Bd8 29. Bd2 Qc6 30. Re6 Rf6 31. Rxf6 Qxd5 32. cxd5 Bxf6 33. c4 Kd7 34. Kc2 h5 35. b3 Bd4 36. f3 Be5 37. g4 g6 38. Bg5 Bg3 39. Kd3 Ke8 40. Ke3 Be5 41. gxh5 gxh5 42. Kf2 Kf7 43. a4 Bf6 44. Bd2 Bd4+ 45. Kg3 Be5+ 46. Kf2 Bd4+ 47. Ke2 Be5 48. b4 cxb4 49. Bxb4 Ke7 50. Ke3 Kd7 51. Be1 Kc7 52. Ba5+ Kd7 53. Bb6 Bh2 54. Kd3 Bf4 55. Be3 Be5 56. Bg5 Bb2 57. Ke2 Bd4 58. Be3 Be5 59. f4 Bf6 60. a5 Bd8 61. Bd2 1/2-1/2

[Event "Mukachevo IM October 2019"]
[Site "Mukachevo"]
[Date "2019.10.03"]
[Round "5.1"]
[White "Tiba, Vladyslav"]
[Black "Shkuran, Danylo"]
[Result "1/2-1/2"]
[ECO "C92"]
[WhiteElo "2360"]
[BlackElo "2343"]
[Annotator "NA"]
[PlyCount "30"]
[EventDate "2019.10.01"]
[EventType "tourn"]
[EventCountry "UKR"]
[SourceTitle "playchess.com"]
[Source "ChessBase"]
[SourceQuality "1"]
[TimeControl "40/5400+30:900+30"]

1. e4 e5 2. Nf3 Nc6 3. Bb5 a6 4. Ba4 Nf6 5. O-O d6 6. Re1 Be7 7. c3 b5 8. Bb3 O-O 9. h3 Bb7 10. d4 Re8 11. Ng5 Rf8 12. Nf3 Re8 13. Ng5 Rf8 14. Nf3 Re8 15. Ng5 Rf8 1/2-1/2

[Event "Mukachevo IM October 2019"]
[Site "Mukachevo"]
[Date "2019.10.03"]
[Round "5.2"]
[White "Oros, Robert"]
[Black "Ganze, Laszlo"]
[Result "1-0"]
[ECO "B50"]
[WhiteElo "2284"]
[BlackElo "1942"]
[Annotator "NA"]
[PlyCount "121"]
[EventDate "2019.10.01"]
[EventType "tourn"]
[EventCountry "UKR"]
[SourceTitle "playchess.com"]
[Source "ChessBase"]
[SourceQuality "1"]
[TimeControl "40/5400+30:900+30"]

1. e4 c5 2. Nf3 d6 3. g3 Nc6 4. Bg2 Nf6 5. Nc3 g6 6. O-O Bg7 7. d3 O-O 8. Re1 Bg4 9. h3 Bxf3 10. Qxf3 Nd4 11. Qd1 Rb8 12. Nd5 e6 13. Ne3 Nd7 14. a3 a5 15. a4 Qc7 16. c3 Nc6 17. Nc4 Nb6 18. Na3 Na7 19. Qc2 Qc6 20. b3 Nd7 21. Bd2 b6 22. Nc4 Nc8 23. Be3 Ne7 24. Na3 Rbd8 25. Qd2 e5 26. Nb5 Nf6 27. Bg5 Qd7 28. Rad1 Nc6 29. d4 Qe7 30. d5 Nb8 31. h4 Rfe8 32. Bh3 Qf8 33. Qd3 h6 34. Bd2 Kh7 35. Na3 Qe7 36. Qf3 Nbd7 37. Bf1 Rh8 38. Bb5 h5 39. Nc4 Rb8 40. Bg5 Nf8 41. Rb1 Kg8 42. b4 axb4 43. cxb4 N8h7 44. Bd2 Ng4 45. a5 bxa5 46. bxc5 dxc5 47. Bc6 Rxb1 48. Rxb1 Nhf6 49. Rb7 Qd8 50. Qb3 Kh7 51. f3 Nh6 52. Bxh6 Bxh6 53. Rxf7+ Bg7 54. Qb7 Rg8 55. Nxe5 a4 56. Qa7 a3 57. Qxa3 Qb6 58. Rb7 Qd8 59. Nf7 Qc8 60. Qc3 Ne8 61. Qc1 1-0

[Event "Mukachevo IM October 2019"]
[Site "Mukachevo"]
[Date "2019.10.03"]
[Round "5.3"]
[White "Kersten, Uwe"]
[Black "Boricsev, Oleg"]
[Result "1-0"]
[ECO "D02"]
[WhiteElo "2239"]
[BlackElo "2241"]
[Annotator "NA"]
[PlyCount "73"]
[EventDate "2019.10.01"]
[EventType "tourn"]
[EventCountry "UKR"]
[SourceTitle "playchess.com"]
[Source "ChessBase"]
[SourceQuality "1"]
[TimeControl "40/5400+30:900+30"]

1. d4 d5 2. Nf3 e6 3. Bf4 Bd6 4. Bg3 Nf6 5. e3 O-O 6. Nbd2 c5 7. c3 b6 8. Bd3 Ba6 9. Bxa6 Nxa6 10. Qe2 Nc7 11. e4 Bxg3 12. hxg3 h6 13. e5 Nd7 14. g4 f6 15. Rh5 fxe5 16. dxe5 Qe8 17. O-O-O c4 18. Nh4 Nc5 19. Ndf3 Nd3+ 20. Rxd3 cxd3 21. Qxd3 Rf4 22. Ng5 hxg5 23. Qh7+ Kf8 24. Ng6+ Kf7 25. Rxg5 Rxf2 26. Nf4 Qh8 27. Rf5+ exf5 28. e6+ Kf6 29. Qxf5+ Ke7 30. Qf7+ Kd6 31. Qd7+ Ke5 32. Ng6+ Ke4 33. Qa4+ Ke3 34. Qd4+ Ke2 35. Qd1+ Ke3 36. Qe1+ Re2 37. Qg3+ 1-0

[Event "Mukachevo IM October 2019"]
[Site "Mukachevo"]
[Date "2019.10.03"]
[Round "5.4"]
[White "Vachylia, Andrii"]
[Black "Sernecki, Franciszek"]
[Result "1-0"]
[ECO "D52"]
[WhiteElo "2201"]
[BlackElo "2276"]
[Annotator "NA"]
[PlyCount "99"]
[EventDate "2019.10.01"]
[EventType "tourn"]
[EventCountry "UKR"]
[SourceTitle "playchess.com"]
[Source "ChessBase"]
[SourceQuality "1"]
[TimeControl "40/5400+30:900+30"]

1. d4 Nf6 2. c4 e6 3. Nf3 d5 4. Nc3 c6 5. Bg5 Nbd7 6. e3 Qa5 7. Qc2 Ne4 8. cxd5 exd5 9. Bd3 Nxg5 10. Nxg5 g6 11. a3 Bd6 12. h4 Qd8 13. e4 h6 14. Nf3 dxe4 15. Nxe4 Be7 16. O-O-O Nf6 17. Nxf6+ Bxf6 18. Qc5 Be6 19. Rhe1 Qe7 20. Bc4 Qxc5 21. dxc5 Be7 22. Bxe6 fxe6 23. Rxe6 Kf7 24. Re2 Rad8 25. Ne5+ Kg7 26. Rxd8 Bxd8 27. Rd2 Bxh4 28. g3 Bd8 29. f4 h5 30. Rd7+ Kf6 31. Rd6+ Kg7 32. Rxg6+ Kh7 33. Rd6 Re8 34. Rd7+ Kg8 35. Rxb7 Bf6 36. Nd7 Bg7 37. Kd2 Rd8 38. Kc2 Re8 39. Kd3 Re1 40. f5 Rg1 41. f6 Rxg3+ 42. Ke4 Bh6 43. Kf5 h4 44. Rb8+ Kh7 45. Rb4 Rg5+ 46. Ke6 Rh5 47. f7 h3 48. Rg4 h2 49. Nf6+ Kh8 50. Rg8# 1-0

[Event "Mukachevo IM October 2019"]
[Site "Mukachevo"]
[Date "2019.10.04"]
[Round "6.4"]
[White "Ganze, Laszlo"]
[Black "Kersten, Uwe"]
[Result "0-1"]
[ECO "A46"]
[WhiteElo "1942"]
[BlackElo "2239"]
[Annotator "NA"]
[PlyCount "70"]
[EventDate "2019.10.01"]
[EventType "tourn"]
[EventCountry "UKR"]
[SourceTitle "playchess.com"]
[Source "ChessBase"]
[SourceQuality "1"]
[TimeControl "40/5400+30:900+30"]

1. d4 Nf6 2. Nf3 e6 3. c4 c5 4. Nc3 cxd4 5. Nxd4 a6 6. g3 Qc7 7. Qd3 b6 8. Bg2 Bb7 9. e4 d6 10. O-O Be7 11. b3 O-O 12. Bb2 Nbd7 13. Qe2 Rfe8 14. Rad1 Bf8 15. Qc2 Rac8 16. Qb1 Qb8 17. f3 Ba8 18. Rfe1 g6 19. Bh3 Bg7 20. Bf1 h5 21. Nde2 Ne5 22. Bg2 b5 23. cxb5 axb5 24. Nf4 Qb6+ 25. Kh1 Nfg4 26. fxg4 Nxg4 27. Nh3 Bxc3 28. Bxc3 Rxc3 29. Rd3 Rec8 30. Bf3 Ne5 31. Rxc3 Rxc3 32. Bg2 Ng4 33. Qb2 Qc5 34. b4 Qc4 35. Bf1 Bxe4+ 0-1

[Event "Mukachevo IM October 2019"]
[Site "Mukachevo"]
[Date "2019.10.04"]
[Round "7.1"]
[White "Oros, Robert"]
[Black "Shkuran, Danylo"]
[Result "1/2-1/2"]
[ECO "D10"]
[WhiteElo "2284"]
[BlackElo "2343"]
[Annotator "NA"]
[PlyCount "62"]
[EventDate "2019.10.01"]
[EventType "tourn"]
[EventCountry "UKR"]
[SourceTitle "playchess.com"]
[Source "ChessBase"]
[SourceQuality "1"]
[TimeControl "40/5400+30:900+30"]

1. d4 d5 2. c4 c6 3. Nf3 Nf6 4. cxd5 cxd5 5. Nc3 Nc6 6. Bf4 a6 7. e3 Bg4 8. Be2 e6 9. O-O Bd6 10. Ne5 Bxe2 11. Qxe2 Rc8 12. Rfc1 O-O 13. Nxc6 Rxc6 14. Bg5 h6 15. Bh4 Be7 16. Qd1 Qd7 17. Bxf6 Bxf6 18. Ne2 Rfc8 19. Rxc6 Rxc6 20. Rc1 Be7 21. g3 Bd6 22. Rxc6 Qxc6 23. Qc1 Qxc1+ 24. Nxc1 Kf8 25. Kf1 Ke7 26. Ke2 Kd7 27. Kd3 Kc6 28. Ne2 b6 29. Nc3 Bb4 30. a3 Bxc3 31. Kxc3 Kb5 1/2-1/2

[Event "Mukachevo IM October 2019"]
[Site "Mukachevo"]
[Date "2019.10.04"]
[Round "7.2"]
[White "Kersten, Uwe"]
[Black "Tiba, Vladyslav"]
[Result "1-0"]
[ECO "A45"]
[WhiteElo "2239"]
[BlackElo "2360"]
[Annotator "NA"]
[PlyCount "99"]
[EventDate "2019.10.01"]
[EventType "tourn"]
[EventCountry "UKR"]
[SourceTitle "playchess.com"]
[Source "ChessBase"]
[SourceQuality "1"]
[TimeControl "40/5400+30:900+30"]

1. d4 Nf6 2. Bf4 g6 3. Nc3 d5 4. e3 Bg7 5. h4 h5 6. Nf3 O-O 7. Be2 c5 8. Ne5 cxd4 9. exd4 Nc6 10. Qd2 Bf5 11. Nxc6 bxc6 12. f3 c5 13. Be5 cxd4 14. Bxd4 Qb8 15. f4 Rd8 16. O-O-O a5 17. a4 Bg4 18. Bxg4 Nxg4 19. Bxg7 Kxg7 20. Qd4+ Kh7 21. Rhe1 e6 22. Nb5 Qb7 23. Rd3 Rac8 24. b3 Qe7 25. g3 Nf6 26. Rc3 Ne4 27. Rxc8 Rxc8 28. Re3 Qe8 29. Kb2 Qc6 30. c3 Rb8 31. Qe5 Rb7 32. Qd4 Re7 33. Na7 Qb7 34. Nb5 f6 35. Rd3 Kg7 36. Qg1 e5 37. Qe3 Qd7 38. fxe5 Rxe5 39. Qa7 Qxa7 40. Nxa7 g5 41. Nc6 Rf5 42. b4 Rf2+ 43. Ka3 g4 44. Nd4 Nd2 45. bxa5 Nc4+ 46. Kb4 Rb2+ 47. Kc5 Ra2 48. Kxd5 Rxa4 49. Ne6+ Kf7 50. Nc5 1-0

[Event "Mukachevo IM October 2019"]
[Site "Mukachevo"]
[Date "2019.10.04"]
[Round "7.3"]
[White "Vachylia, Andrii"]
[Black "Ganze, Laszlo"]
[Result "1-0"]
[ECO "B22"]
[WhiteElo "2201"]
[BlackElo "1942"]
[Annotator "NA"]
[PlyCount "75"]
[EventDate "2019.10.01"]
[EventType "tourn"]
[EventCountry "UKR"]
[SourceTitle "playchess.com"]
[Source "ChessBase"]
[SourceQuality "1"]
[TimeControl "40/5400+30:900+30"]

1. e4 c5 2. c3 d5 3. exd5 Qxd5 4. Nf3 Nf6 5. d4 Bg4 6. Be2 cxd4 7. cxd4 e6 8. O-O Bb4 9. a3 Ba5 10. h3 Bf5 11. Ne5 O-O 12. b4 Bb6 13. Be3 Rc8 14. a4 a5 15. bxa5 Bxa5 16. Na3 Na6 17. Bc4 Qd8 18. Qf3 Be4 19. Qg3 Bc7 20. Rfd1 Nd5 21. f4 Nab4 22. Bb3 Nc3 23. Re1 Nbd5 24. Nac4 b5 25. Nd2 bxa4 26. Bxd5 Bxd5 27. f5 exf5 28. Bh6 Qf6 29. Bg5 Qb6 30. Kh1 Qxd4 31. Bf6 g6 32. Qg5 Qf2 33. Nef3 Bd6 34. Bd4 Bxf3 35. Bxf2 Ne4 36. Nxe4 Bxe4 37. Qf6 Rc4 38. Qxd6 1-0

[Event "Mukachevo IM October 2019"]
[Site "Mukachevo"]
[Date "2019.10.04"]
[Round "7.4"]
[White "Rytenko, Vsevolod"]
[Black "Boricsev, Oleg"]
[Result "1-0"]
[ECO "E06"]
[WhiteElo "2387"]
[BlackElo "2241"]
[Annotator "NA"]
[PlyCount "41"]
[EventDate "2019.10.01"]
[EventType "tourn"]
[EventCountry "UKR"]
[SourceTitle "playchess.com"]
[Source "ChessBase"]
[SourceQuality "1"]
[TimeControl "40/5400+30:900+30"]

1. d4 Nf6 2. c4 e6 3. Nf3 d5 4. g3 Be7 5. Bg2 O-O 6. O-O dxc4 7. Qc2 b6 8. Ne5 Qxd4 9. Bxa8 Qxe5 10. Bf3 Rd8 11. Bf4 Qc5 12. b4 cxb3 13. Qxc5 Bxc5 14. axb3 Nd5 15. Bxd5 Rxd5 16. Nc3 Rd7 17. Rxa7 Nc6 18. Ra8 Ne7 19. Rd1 Rxd1+ 20. Nxd1 c6 21. Bc7 1-0

[Event "Mukachevo IM October 2019"]
[Site "Mukachevo"]
[Date "2019.10.04"]
[Round "7.5"]
[White "Petrovskiy, Vadim"]
[Black "Sernecki, Franciszek"]
[Result "1/2-1/2"]
[ECO "B35"]
[WhiteElo "2197"]
[BlackElo "2276"]
[Annotator "NA"]
[PlyCount "70"]
[EventDate "2019.10.01"]
[EventType "tourn"]
[EventCountry "UKR"]
[SourceTitle "playchess.com"]
[Source "ChessBase"]
[SourceQuality "1"]
[TimeControl "40/5400+30:900+30"]

1. e4 c5 2. Nf3 Nc6 3. d4 cxd4 4. Nxd4 g6 5. Nc3 Bg7 6. Be3 Nf6 7. Bc4 O-O 8. O-O Nxe4 9. Nxe4 d5 10. Nxc6 bxc6 11. Bd3 dxe4 12. Bxe4 Qc7 13. c3 Be6 14. Qa4 Bd5 15. Rad1 Rfd8 16. Rfe1 Rab8 17. Qxa7 Rb7 18. Qa4 Rxb2 19. Bxd5 cxd5 20. Rc1 e6 21. Red1 Rc8 22. Qa3 Qb7 23. c4 Ra8 24. Qd6 dxc4 25. Rxc4 Rb1 26. Rc2 Be5 27. Qd3 Bf6 28. Qe2 Rd8 29. Rxb1 Qxb1+ 30. Rc1 Qe4 31. h3 Bg5 32. Rc4 Qb1+ 33. Rc1 Qe4 34. Rc4 Qb1+ 35. Rc1 Qe4 1/2-1/2

[Event "Mukachevo IM October 2019"]
[Site "Mukachevo"]
[Date "2019.10.05"]
[Round "8.1"]
[White "Shkuran, Danylo"]
[Black "Sernecki, Franciszek"]
[Result "1-0"]
[ECO "A05"]
[WhiteElo "2343"]
[BlackElo "2276"]
[Annotator "ChessBase"]
[PlyCount "83"]
[EventDate "2019.10.01"]
[EventType "tourn"]
[EventCountry "UKR"]
[SourceTitle "playchess.com"]
[Source "ChessBase"]
[SourceQuality "1"]
[TimeControl "40/5400+30:900+30"]

1. Nf3 Nf6 2. g3 d5 3. Bg2 e6 4. O-O Be7 5. d3 O-O 6. c4 c5 7. cxd5 exd5 8. d4 Nc6 9. Nc3 h6 10. h3 Be6 11. dxc5 Bxc5 12. Na4 Be7 13. Be3 Rc8 14. Nc5 b6 15. Nxe6 fxe6 16. Rc1 Qd6 17. Qa4 Nd7 18. Rfd1 Bf6 19. Bf4 e5 20. Nxe5 Ncxe5 21. Bxd5+ Kh8 22. Rxc8 Rxc8 23. Bb7 Qf8 24. Bxc8 Qxc8 25. Qxa7 Qc6 26. b4 b5 27. Rc1 Nc4 28. a4 bxa4 29. b5 Qd5 30. Qxa4 Ndb6 31. Qb3 Qe6 32. Be3 Bg5 33. Bxg5 hxg5 34. Qd3 Kg8 35. Rc2 Kf7 36. Ra2 Qe5 37. Ra7+ Kg8 38. Rb7 Qa1+ 39. Kh2 Qf1 40. Qf3 Ne5 41. Rb8+ Kh7 42. Qh5# 1-0

[Event "Mukachevo IM October 2019"]
[Site "Mukachevo"]
[Date "2019.10.05"]
[Round "8.2"]
[White "Boricsev, Oleg"]
[Black "Petrovskiy, Vadim"]
[Result "1/2-1/2"]
[ECO "B30"]
[WhiteElo "2241"]
[BlackElo "2197"]
[Annotator "ChessBase"]
[PlyCount "57"]
[EventDate "2019.10.01"]
[EventType "tourn"]
[EventCountry "UKR"]
[SourceTitle "playchess.com"]
[Source "ChessBase"]
[SourceQuality "1"]
[TimeControl "40/5400+30:900+30"]

1. e4 c5 2. Nf3 Nc6 3. Bc4 d6 4. c3 Nf6 5. d3 a6 6. Bb3 Na5 7. Bc2 e5 8. O-O Be7 9. d4 Qc7 10. d5 b5 11. Nbd2 O-O 12. b3 Bd7 13. Re1 g6 14. Nf1 c4 15. b4 Nb7 16. Bh6 Rfb8 17. Qd2 a5 18. a3 Ra6 19. Ng3 Rba8 20. Rac1 axb4 21. axb4 Bf8 22. Bg5 Be7 23. Bh6 Bf8 24. Bg5 Be7 25. Bh6 Bf8 26. Bg5 Be7 27. Bh6 Bf8 28. Bg5 Be7 29. Bh6 1/2-1/2

[Event "Mukachevo IM October 2019"]
[Site "Mukachevo"]
[Date "2019.10.05"]
[Round "8.3"]
[White "Ganze, Laszlo"]
[Black "Rytenko, Vsevolod"]
[Result "0-1"]
[ECO "D52"]
[WhiteElo "1942"]
[BlackElo "2387"]
[Annotator "ChessBase"]
[PlyCount "54"]
[EventDate "2019.10.01"]
[EventType "tourn"]
[EventCountry "UKR"]
[SourceTitle "playchess.com"]
[Source "ChessBase"]
[SourceQuality "1"]
[TimeControl "40/5400+30:900+30"]

1. d4 d5 2. c4 e6 3. Nf3 Nf6 4. Bg5 c6 5. Nc3 Nbd7 6. e3 Qa5 7. cxd5 exd5 8. Qc2 Ne4 9. Bf4 Bb4 10. Rc1 Qxa2 11. Bd3 Nxc3 12. bxc3 Qxc2 13. Rxc2 Be7 14. O-O Nf6 15. c4 dxc4 16. Bxc4 O-O 17. h3 a5 18. Ne5 Nd5 19. Bg3 Be6 20. Bxd5 Bxd5 21. Nd7 Rfd8 22. Nc5 b5 23. f3 a4 24. Ra1 b4 25. Be1 b3 26. Rb2 Bxc5 27. dxc5 a3 0-1